 Dungeon Crawl Stone Soup version 0.29.1-15-g9cfb28693d (webtiles) character file.

Game seed: 9803183996147110188

88 ChiefBigBeans the Grave Robber (level 4, -4/36 HPs)
             Began as a Ghoul Necromancer on Feb 23, 2023.
             Slain by a gnoll
             ... wielding a +0 flail
              (7 damage)
             ... on level 3 of the Dungeon.
             The game lasted 00:07:18 (2682 turns).

ChiefBigBeans the Grave Robber (Ghoul Necromancer)  Turns: 2682, Time: 00:07:19

Health: -4/36      AC:  5    Str: 11    XL:     4   Next: 53%
Magic:  1/6        EV: 14    Int: 12    God:
Gold:   122        SH:  0    Dex:  9    Spells: 3/7 levels left

rFire   + . .      SeeInvis .   c - +0 dagger (venom)
rCold   + . .      Faith    .   e - orb {light}
rNeg    + + +      Spirit   .   h - +0 ring mail
rPois   ∞          Reflect  .   (no helmet)
rElec   .          Harm     .   (no cloak)
rCorr   .          Rampage  .   (no gloves)
Will    .....                   (no boots)
Stlth   +.........              (no amulet)
HPRegen 0.00/turn               i - +4 ring of evasion
MPRegen 0.10/turn               o - ring of protection from fire

@: attractive, inhibited regen, glowing
A: claws 1, cold resistance 1, negative energy resistance 3, inhibited
regeneration, torment resistance 2, devour on kill
a: no special abilities


You were on level 3 of the Dungeon.
You visited 1 branch of the dungeon, and saw 3 of its levels.

You collected 122 gold pieces.

Inventory:

Hand Weapons
 c - a +0 dagger of venom (weapon)
Armour
 a - a +0 robe
 e - an orb of light (worn)
 h - a +0 ring mail (worn)
 j - a +0 buckler
Magical Staves
 m - a staff of cold
Jewellery
 i - a +4 ring of evasion (left claw)
 o - a ring of protection from fire (right claw)
Scrolls
 g - a scroll of noise
 k - a scroll of immolation {unknown}
 n - a scroll of identify
 p - 2 scrolls of teleportation
 q - a scroll of summoning {unknown}
Potions
 b - a potion of magic
 d - a potion of mutation
 f - a potion of might
 l - a potion of attraction


   Skills:
 + Level 2.1 Fighting
 + Level 1.2 Short Blades
 - Level 1.7 Dodging
 - Level 2.1 Stealth
 + Level 2.4 Spellcasting
 + Level 4.5 Necromancy


You had 3 spell levels left.
You knew the following spells:

 Your Spells              Type           Power      Damage    Failure   Level
a - Necrotise             Necr           48%        1d6       10%         1
b - Vampiric Draining     Necr           12%        2d6       28%         3

Your spell library contained the following spells:

 Spells                   Type           Power      Damage    Failure   Level
 Animate Dead             Necr           12%        N/A       67%         4
 Agony                    Necr           12%        N/A       95%         5


Dungeon Overview and Level Annotations

Branches:
Dungeon (3/15)

Altars:
Dithmenos


Innate Abilities, Weirdness & Mutations

You are immune to poison.
You have sharp fingernails.
Your flesh is cold resistant. (rC+)
You are immune to negative energy. (rN+++)
You do not regenerate when monsters are visible.
You are immune to unholy pain and torment.
You thrive by killing the living.


Message History

The gnoll shouts!
A gnoll comes into view. It is wielding a +0 flail.
The gnoll writhes in agony.
The gnoll shouts!
The gnoll hits you with a +0 club.
The gnoll writhes in agony.
The gnoll hits you with a +0 club.
The gnoll writhes in agony.
The gnoll struggles to resist.
The gnoll misses you.
The gnoll writhes in agony.
You kill the gnoll!
The dead are walking!
The gnoll closely misses you.
Your Fighting skill increases to level 2!
The gnoll writhes in agony.
The gnoll hits your gnoll skeleton with a +0 flail.
You are out of magic!
Your gnoll skeleton closely misses the gnoll.
The gnoll hits your gnoll skeleton with a +0 flail.
Your gnoll skeleton hits the gnoll.
The gnoll barely misses you.
Your gnoll skeleton hits the gnoll.
The gnoll barely misses your gnoll skeleton.
The gnoll closely misses you.
Your gnoll skeleton hits the gnoll.
The gnoll hits you with a +0 flail.
Your gnoll skeleton hits the gnoll.
The gnoll dies!
You feel your strength returning.
Your gnoll skeleton barely misses the gnoll.
The gnoll hits you with a +0 flail.
Your gnoll skeleton hits the gnoll.
The gnoll closely misses you. The gnoll hits you with a +0 flail!
Your gnoll skeleton hits the gnoll but does no damage.
The gnoll hits you with a +0 flail.
* * * LOW HITPOINT WARNING * * *
The gnoll attacks as you move away! The gnoll hits you with a +0 flail.
* * * LOW HITPOINT WARNING * * *
Your gnoll skeleton closely misses the gnoll.
It was a potion of attraction.
You feel attractive to monsters.
Your gnoll skeleton barely misses the gnoll.
The gnoll hits you with a +0 flail!
You die...

#.#.##.# #.#
#.#....# #.#
#.#########.#
#........##.#
########.##.#
####.##.#
#....# #.####
#@# #g#
#Z)......
#########


You could see a gnoll (ally target) and a friendly gnoll skeleton.

Vanquished Creatures
  2 adders (D:2)
  A gnoll (D:3)
  A worm (D:2)
  2 dart slugs (D:2)
  3 bats
  6 endoplasms
  5 goblins
  6 hobgoblins
  2 kobolds
  2 quokkas
  A ball python (D:1)
  3 frilled lizards
  2 rats (D:1)
36 creatures vanquished.

Vanquished Creatures (collateral kills)
  A gnoll (D:3)
  2 goblins
  A frilled lizard (D:1)
4 creatures vanquished.

Grand Total: 40 creatures vanquished

Notes
Turn   | Place    | Note
-------+----------+-------------------------------------------
     0 | D:1      | ChiefBigBeans the Ghoul Necromancer began the quest for the
                  | Orb.
     0 | D:1      | Reached XP level 1. HP: 14/14 MP: 2/2
   186 | D:1      | Reached XP level 2. HP: 22/22 MP: 0/4
   322 | D:1      | Reached skill level 1 in Fighting
   624 | D:1      | Found a faded altar of an unknown god.
   731 | D:1      | Reached XP level 3. HP: 28/28 MP: 2/5
   977 | D:2      | Found a shadowy altar of Dithmenos.
  1307 | D:2      | Learned a level 3 spell: Vampiric Draining
  1825 | D:2      | Reached skill level 1 in Short Blades
  1825 | D:2      | Reached XP level 4. HP: 36/36 MP: 4/6
  2682 | D:3      | Slain by a gnoll

Illustrated notes

Levels and vault maps discovered:
D:1:      dpeg_arrival_simpleton_a, layout_loops_cross,
          hellmonk_ecumenical_altar_inner_sanctum
D:2:      layout_basic, basic_altar
D:3:      layout_basic, nicolae_wu_jian_glorious_leap

Skill      XL: |  1  2  3  4 |
---------------+-------------+-----
Spellcasting   | 2 |  2.4
Fighting       | 1 2 |  2.1
Short Blades   | 1 |  1.2
Dodging        | |  1.7
Stealth        | |  2.1
Necromancy     | |  4.5

Action                   |  1- 3 |  4- 6 || total
-------------------------+-------+-------++-------
Melee: Unarmed           |     4 |       ||     4
       Dagger            |    39 |     5 ||    44
 Cast: Necrotise         |    41 |    14 ||    55
  Use: Potion            |     7 |     2 ||     9
       Scroll            |     5 |       ||     5
Armor: Robe              |     5 |       ||     5
       Ring mail         |     3 |     3 ||     6
Dodge: Dodged            |    29 |    11 ||    40
